AoeStats
← payaso_delicia

QS Arena

503190827Analyzed
1v1 RM · 2mo ago on Aug 30, 2026· 47m 24s· 2 players
Game mode
Random Map
Map size
Tiny (2 player)
Population
200
Speed
Normal
Resources
Standard
Victory
Conquest
Starting age
Dark Age
Ending age
Imperial Age
RankedLock teamsTeams togetherTeam positionsShared explorationLock speedFull tech treeHidden civsTurbo modeCheats
Victory
Defeat
🇪🇸 Mongols · Spain
972
+15
vs
🇲🇽 Japanese · Mexico
953
-15
payaso_delicia
8:26 Feudal Age
13:28 Castle Age
16:42 Scale Mail Armor
20:56 Chain Mail Armor
27:09 Imperial Age
24:39 Fletching
27:11 Wheelbarrow
26:42 Padded Archer Armor
28:57 Elite Samurai
29:55 Bodkin Arrow
31:42 Bracer
33:22 Leather Archer Armor
37:15 Elite Skirmisher
41:15 Chemistry
41:26 Ring Archer Armor
41:28 Plate Mail Armor
42:35 Yasama
42:57 Conscription
Reymmius
7:13 Feudal Age
13:40 Castle Age
12:07 Horse Collar
12:35 Double-Bit Axe
13:54 Fletching
14:04 Padded Archer Armor
25:59 Imperial Age
23:59 Bow Saw
26:03 Wheelbarrow
25:14 Town Watch
26:54 Gold Mining
26:49 Light Cavalry
30:30 Forging
30:15 Bodkin Arrow
30:26 Scale Barding Armor
32:26 Iron Casting
32:56 Thumb Ring
33:17 Bloodlines
33:08 Husbandry
33:45 Heavy Plow
36:34 Parthian Tactics
38:33 Heavy Cavalry Archer
41:17 Bracer
42:18 Blast Furnace
41:40 Ballistics
41:21 Murder Holes
43:07 Leather Archer Armor
43:46 Chain Barding Armor
44:04 Gold Shaft Mining
45:15 Hussar
Connection lost

Rejoining the realm…

Still unreachable

The connection could not be restored.

Session expired

The server has moved on; the page needs a fresh start.